 Dungeon Crawl Stone Soup version 0.29.1-15-g9cfb28693d (webtiles) character file.

Game seed: 9027555261674523327

3568 NamelessAdventurer the Cleaver (level 9, -3/83 HPs)
             Began as a Minotaur Fighter on Apr 12, 2023.
             Was a Believer of Ashenzari.
             Slain by a two-headed ogre
             ... wielding a +0 giant club
              (5 damage)
             ... on level 9 of the Dungeon.
             The game lasted 00:20:12 (4800 turns).

NamelessAdventurer the Cleaver (Minotaur Fighter)   Turns: 4800, Time: 00:20:12

Health: -3/83      AC: 14    Str: 22    XL:     9   Next: 84%
Magic:  8/8        EV: 11    Int:  9    God:    Ashenzari [**....]
Gold:   1942       SH:  6    Dex:  9    Spells: 8/8 levels left

rFire   . . .      SeeInvis +   a - +1 war axe
rCold   . . .      Faith    .   c - +1 buckler of Ashenzari's Scepticism {Elem, Self} (curse)
rNeg    . . .      Spirit   .   b - +2 scale mail of Ashenzari's Abstinence {Range, Cun} (curse)
rPois   +          Reflect  .   (helmet restricted)
rElec   .          Harm     .   m - scarf "Share My Water Diviner" {+Inv, Range, Self} (curse)
rCorr   .          Rampage  .   (no gloves)
Will    .....                   (no boots)
Stlth   +.........              (no amulet)
HPRegen 0.23/turn               r - ring "Share My Malaise" {AC+4, Alch, Fort} (curse)
MPRegen 0.11/turn               (no ring)

@: mighty
A: horns 2, retaliatory headbutt, beak, poison resistance, wild magic 1
a: Renounce Religion, Evoke Invisibility, Shatter the Chains


You were on level 9 of the Dungeon.
You worshipped Ashenzari.
Ashenzari was pleased with you.
You visited 1 branch of the dungeon, and saw 9 of its levels.
You also visited: Sewer and Ossuary.

You collected 1942 gold pieces.

Inventory:

Hand Weapons
 a - a +1 war axe (weapon)
Missiles
 n - 2 boomerangs (quivered)
 y - a throwing net
Armour
 b - the cursed +2 scale mail of Ashenzari's Abstinence (worn) {Range, Cun}

   It has a curse which improves the following skills: Ranged Combat: Ranged
   Weapons and Throwing.
   Cunning:   Dodging and Stealth.
 c - the cursed +1 buckler of Ashenzari's Scepticism (worn) {Elem, Self}

   It has a curse which improves the following skills: Elements: Fire Magic, Ice
   Magic, Air Magic and Earth Magic.
   Introspection: Fighting and Spellcasting.
 m - the cursed scarf "Share My Water Diviner" (worn) {+Inv, Range, Self}
   (You found it on level 3 of the Dungeon)

   It has a curse which improves the following skills: Ranged Combat: Ranged
   Weapons and Throwing.
   Introspection: Fighting and Spellcasting.
Jewellery
 o - a ring of ice
 r - the cursed ring "Share My Malaise" (left hand) {AC+4, Alch, Fort}
   (You found it on level 1 of the Dungeon)

   [ring of protection]

   AC:        It affects your AC (+4).
   It has a curse which improves the following skills: Alchemy: Poison Magic and
   Transmutations.
   Fortitude: Armour and Shields.
 v - a +4 ring of evasion
Wands
 t - a wand of paralysis (4)
Scrolls
 k - a scroll of magic mapping
 l - a scroll of poison
 q - 2 scrolls of teleportation
 w - 2 scrolls of silence
 x - a scroll of summoning
 B - a scroll of immolation
Potions
 d - 2 potions of might
 e - a potion of attraction
 f - 3 potions of lignification
 g - a potion of haste
 h - a potion of heal wounds
 j - a potion of degeneration
 p - a potion of cancellation
 s - 4 potions of curing
 u - 2 potions of brilliance
 z - a potion of mutation
 A - 2 potions of flight


   Skills:
 * Level 7.0(9.0) Fighting
 * Level 10.5 Axes
 * Level 3.6(5.3) Throwing
 * Level 7.1(8.3) Armour
 * Level 4.3(5.5) Dodging
 * Level 3.8(5.0) Stealth
 * Level 6.6(7.9) Shields
 + Level 0.4 Evocations


You had 8 spell levels left.
You didn't know any spells.
Your spell library contained the following spells:

 Spells                   Type           Power      Damage    Failure   Level
 Apportation              Tloc           0%         N/A       82%         1
 Slow                     Hex            0%         N/A       82%         1
 Summon Small Mammal      Summ           0%         N/A       82%         1
 Blink                    Tloc           0%         N/A       91%         2
 Call Canine Familiar     Summ           0%         N/A       99%         3
 Confusing Touch          Hex            0%         N/A       99%         3
 Lesser Beckoning         Tloc           0%         N/A       99%         3
 Summon Guardian Golem    Hex/Summ       0%         N/A       99%         3
 Vampiric Draining        Necr           0%         2d6       99%         3
 Alistair's Intoxication  Tmut/Pois      0%         N/A       100%        5
 Manifold Assault         Tloc           0%         N/A       100%        5


Dungeon Overview and Level Annotations

Branches:
Dungeon (9/15)              Sewer (visited)         Ossuary (visited)
 Temple: D:4-7         Lair: D:8-11         Orc: D:9-12

Altars:
Ashenzari
Cheibriados
Okawaru
Wu Jian
Zin
The Shining One


Innate Abilities, Weirdness & Mutations

You have a pair of horns on your head.
You reflexively headbutt those who attack you in melee.
You have a beak for a mouth.
Your system is resistant to poisons. (rPois)
Your spells are a little harder to cast, but a little more powerful.


Message History

The grasping roots constrict the two-headed ogre.
The roots release their grip on the two-headed ogre.
Aiming: Fastroot
Press: ? - help, Shift-Dir - straight line, f/p - two-headed ogre
Aim: a two-headed ogre, wielding a +0 giant club and a +0 giant spiked club (lightly wounded)
The roots erupt in riotous growth!
Roots grab the two-headed ogre.
The now-empty wand crumbles to dust.
The grasping roots constrict the two-headed ogre.
The two-headed ogre struggles to escape constriction.
The grasping roots constrict the two-headed ogre.
The roots release their grip on the two-headed ogre.
Aiming: Paralyse
Press: ? - help, Shift-Dir - straight line, f/p - two-headed ogre
Aim: a two-headed ogre, wielding a +0 giant club and a +0 giant spiked club (moderately wounded, chance to affect: 31%)
The two-headed ogre easily resists.
You feel very mighty all of a sudden.
The two-headed ogre hits you but does no damage.
The two-headed ogre hits you with a +0 giant spiked club!
You slice the two-headed ogre!! You headbutt the two-headed ogre!
The two-headed ogre is severely wounded.
You barely miss the two-headed ogre. You headbutt the two-headed ogre!
You peck the two-headed ogre.
You kill the two-headed ogre!
You hit the two-headed ogre.
The two-headed ogre hits you with a +0 giant club!
The two-headed ogre hits you with a +0 giant spiked club.
Your base Fighting skill increases to level 7!
Your base Armour skill increases to level 7!
Things that are here:
a +0 giant club; a +0 giant spiked club You slash the two-headed ogre!
You peck the two-headed ogre.
The two-headed ogre is moderately wounded.
The two-headed ogre hits you with a +0 giant club!!
* * * LOW HITPOINT WARNING * * *
You block the two-headed ogre's attack.
You hit the two-headed ogre. Your peck misses the two-headed ogre.
The two-headed ogre is heavily wounded.
The two-headed ogre hits you with a +0 giant club.
You die...

, ......* #.........
,, , , .....##
##.........
#....###.....?.!.. ,
, #.................,
.###...........######
*#.............## , *
*#............##~ ~ *
##............###.##
##........O@.......*
##...............#
##.............##
##...........##
##.........##
##.......## ##[....##
##..<## #####


You could see a two-headed ogre.

Vanquished Creatures
  A two-headed ogre (D:9)
  4 yaks (D:8)
  A water moccasin (D:7)
  3 ice beasts
  2 sky beasts
  An ogre (D:7)
  A phantom (D:4)
  A necrophage (D:7)
  4 water moccasin zombies (Ossuary)
  13 wights
  A killer bee (D:7)
  3 howler monkeys
  3 gnoll boudas
  Crazy Yiuf (D:3)
  Jessica (D:2)
  2 orc wizards (D:8)
  Natasha (thrice) (D:2)
  A hell rat (Sewer)
  2 mummies (Ossuary)
  10 gnolls
  5 river rats (Sewer)
  An adder (D:3)
  2 white imps (D:7)
  3 adder zombies (Ossuary)
  3 worms
  12 dart slugs
  9 orcs
  2 ball pythons
  9 endoplasms
  4 giant cockroaches
  A gnoll zombie (Ossuary)
  3 hobgoblins
  3 jackals (D:1)
  3 quokkas
  7 bats
  A frilled lizard (D:2)
  2 goblins
  4 hobgoblin zombies (Ossuary)
  4 kobolds
  9 kobold zombies (Ossuary)
  5 orc zombies (Ossuary)
  9 rats
159 creatures vanquished.

Notes
Turn   | Place    | Note
-------+----------+-------------------------------------------
     0 | D:1      | NamelessAdventurer the Minotaur Fighter began the quest for
                  | the Orb.
     0 | D:1      | Reached XP level 1. HP: 19/19 MP: 0/0
    86 | D:1      | Reached XP level 2. HP: 26/27 MP: 1/1
   196 | D:2      | Noticed Natasha
   202 | D:2      | Noticed a crimson imp
   203 | D:2      | Noticed a crimson imp
   204 | D:2      | Killed Natasha
   205 | D:2      | Reached XP level 3. HP: 24/33 MP: 2/2
   208 | D:2      | Reached skill level 3 in Axes
   348 | D:3      | Identified a scroll of acquirement
   349 | D:3      | Acquired 893 gold pieces
   566 | D:3      | Reached XP level 4. HP: 38/40 MP: 3/3
   672 | D:3      | Found a runed translucent door.
   673 | D:3      | Noticed Crazy Yiuf
   682 | D:3      | Killed Crazy Yiuf
   683 | D:3      | Reached skill level 1 in Dodging
   793 | D:3      | Found a faded altar of an unknown god.
   812 | D:3      | Prayed at the altar of an unknown god.
   812 | D:3      | Became a worshipper of Ashenzari the Shackled
  1289 | D:3      | Reached skill level 4 in Axes
  1289 | D:3      | Reached skill level 1 in Stealth
  1293 | D:3      | Reached XP level 5. HP: 38/48 MP: 4/4
  1310 | D:3      | Found a glowing silver altar of Zin.
  1798 | D:2      | Noticed Natasha
  1799 | D:2      | Noticed Jessica
  1804 | D:2      | Killed Jessica
  1807 | D:2      | Killed Natasha
  2090 | D:2      | Found a snail-covered altar of Cheibriados.
  2111 | D:2      | Reached * piety under Ashenzari
  2173 | D:2      | Noticed Natasha
  2180 | D:2      | Killed Natasha
  2786 | D:1      | Acquired 876 gold pieces
  2993 | D:3      | Gained mutation: Your magical capacity is low. (-10% MP)
                  | [potion of mutation]
  3199 | D:4      | Noticed a phantom
  3203 | D:4      | Reached XP level 6. HP: 55/57 MP: 4/4
  3213 | D:4      | Reached skill level 1 in Throwing
  3351 | D:5      | Entered Level 5 of the Dungeon
  3365 | D:5      | Reached ** piety under Ashenzari
  3437 | D:5      | Found a sand-covered staircase.
  3442 | Ossuary  | Entered an ossuary
  3489 | Ossuary  | Reached skill level 5 in Axes
  3519 | Ossuary  | Reached skill level 5 in Fighting
  3519 | Ossuary  | Reached skill level 5 in Armour
  3519 | Ossuary  | Reached skill level 5 in Shields
  3519 | Ossuary  | Reached XP level 7. HP: 58/64 MP: 5/5
  3623 | Ossuary  | Lost mutation: Your magical capacity is low. (-10% MP)
                  | [potion of mutation]
  3623 | Ossuary  | Gained mutation: Your spells are a little harder to cast,
                  | but a little more powerful. [potion of mutation]
  3623 | Ossuary  | Gained mutation: You have a beak for a mouth. [potion of
                  | mutation]
  3623 | Ossuary  | Gained mutation: Your system is resistant to poisons.
                  | (rPois) [potion of mutation]
  3643 | D:6      | Found an iron altar of Okawaru.
  3730 | D:6      | Found a glowing golden altar of the Shining One.
  3752 | D:6      | Found a glowing drain.
  3784 | D:6      | Reached skill level 6 in Axes
  3787 | D:6      | Found an ornate altar of the Wu Jian Council.
  3826 | Sewer    | Entered a sewer
  3942 | D:7      | Reached XP level 8. HP: 66/73 MP: 7/7
  3947 | D:7      | Reached skill level 7 in Axes
  4233 | D:7      | Reached skill level 8 in Axes
  4570 | D:7      | Reached skill level 9 in Axes
  4592 | D:8      | Reached XP level 9. HP: 81/81 MP: 8/8
  4729 | D:8      | Reached skill level 10 in Axes
  4779 | D:9      | Identified the +2 robe of Repulsion {-Cast Will++ Dex+4}
  4782 | D:9      | Noticed a two-headed ogre
  4782 | D:9      | Noticed a two-headed ogre
  4797 | D:9      | Killed a two-headed ogre
  4799 | D:9      | HP: 2/83 [two-headed ogre/+0 giant club (25)]
  4800 | D:9      | Slain by a two-headed ogre

Illustrated notes

Levels and vault maps discovered:
D:1:      spicycebolla_arrival_clurvy, layout_rooms
D:2:      layout_rooms, basic_altar, uniq_natasha, uniq_jessica
D:3:      kennysheep_slugbush, layout_basic, zin_scriptorium,
          hellmonk_ecumenical_altar_inner_sanctum, nicolae_titane,
          uniq_crazy_yiuf_cottage
D:4:      layout_basic, nrook_uturn, kennysheep_donut
D:5:      layout_layer_cave, nicolae_hepliaklqana_monster_ancestors,
          mainiacjoe_overflow_alcove_4, temple_statues, enter_ossuary_2,
          bh_walls_and_bars
D:6:      layout_basic, mainiacjoe_overflow_concentric_impassable,
          lemuel_round_altar, nicolae_overflow_hidden_temple,
          portal_sewer_entry_f, chequers_arboretum
D:7:      layout_rooms, minmay_circle_x
D:8:      layout_cave_pools, nicolae_elyvilon_temple_path
D:9:      layout_big_octagon, lemuel_coloured_pillars_altar,
          nemelex_xobeh_ov_fountains_minmay, gammafunk_temple_overflow_elements,
          lair_entry_dummy

Skill      XL: |  1  2  3  4  5  6  7  8  9 |
---------------+----------------------------+-----
Fighting       | 4 5 6 7 |  7.0
Armour         | 4 5 6 7 |  7.1
Shields        | 4 5 6 |  6.6
Axes           | 3 4 5 6 9 10 | 10.5
Dodging        | 1 2 3 4 |  4.3
Stealth        | 1 2 3 |  3.8
Throwing       | 1 2 3 |  3.6
Evocations     | |  0.4

Action                   |  1- 3 |  4- 6 |  7- 9 || total
-------------------------+-------+-------+-------++-------
Melee: War axe           |    47 |   121 |   152 ||   320
       Headbutt          |     9 |    22 |    37 ||    68
       Peck              |       |       |    18 ||    18
Throw: Boomerang         |       |    15 |    24 ||    39
Invok: Curse Item        |       |     3 |     1 ||     4
Evoke: Wand              |       |     3 |     4 ||     7
  Use: Scroll            |     6 |     2 |     2 ||    10
       Potion            |       |     3 |     6 ||     9
Armor: Scale mail        |    37 |    54 |    82 ||   173
Dodge: Dodged            |    29 |    61 |    81 ||   171
Block: Buckler           |    12 |    46 |    49 ||   107
